AoeStats
← Because I Got High

Arabia

510457658Analyzed
1v1 RM · 8h ago on Oct 1, 2026· 22m 41s· 2 players
Game mode
Random Map
Map size
Tiny (2 player)
Population
200
Speed
Normal
Resources
Standard
Victory
Conquest
Starting age
Dark Age
Ending age
Imperial Age
RankedLock teamsTeams togetherTeam positionsShared explorationLock speedFull tech treeHidden civsTurbo modeCheats
Victory
Defeat
🇦🇷 Varangians · Argentina
1258
+17
🇹🇷 Mongols · Türkiye
1271
-17
Because I Got High
4:50 Loom
10:26 Feudal Age
14:56 Castle Age
13:52 Double-Bit Axe
15:42 Squires
20:13 Squires
20:55 Scale Mail Armor
20:34 Elite Skirmisher
21:56 Chain Mail Armor
Grim Reaper
6:25 Loom
8:58 Feudal Age
11:20 Double-Bit Axe
16:26 Horse Collar
20:18 Castle Age
19:48 Gold Mining
22:14 Gold Shaft Mining
21:27 Crossbowman
Connection lost

Rejoining the realm…

Still unreachable

The connection could not be restored.

Session expired

The server has moved on; the page needs a fresh start.